 Dungeon Crawl Stone Soup version 0.17-a0-2127-g1cb09f6 (webtiles) character file.

3693 wvc the Basher (level 9, 6/74 HPs)
             Began as a Green Draconian Wanderer on Oct 23, 2015.
             Was an Elder of Cheibriados.
             Quit the game on level 7 of the Dungeon.
             The game lasted 00:15:38 (6825 turns).

wvc the Basher (Green Draconian Wanderer)           Turns: 6825, Time: 00:15:39

Health: 6/74       AC: 11    Str: 26    XL:     9   Next: 90%
Magic:  9/9        EV: 13    Int: 24    God:    Cheibriados [****..]
Gold:   253        SH:  7    Dex: 20    Spells: 1 memorised, 4 levels left

rFire  + . .     SeeInvis .     p - +2 mace (holy)
rCold  + . .     Clarity  .     (armour unavailable)
rNeg   . . .     SustAt   .     c - +1 buckler
rPois  +         Gourm    .     (helmet restricted)
rElec  .         Spirit   .     C - +0 cloak
rCorr  .         Warding  .     F - +2 pair of gloves
rMut   .         Stasis   .     (no boots)
MR     +....                    J - amulet of inaccuracy (curse)
Stlth  ++........               v - ring of protection from cold
                                B - ring of protection from magic

@: drained, very slow, somewhat resistant to hostile enchantments, unstealthy
A: breathe noxious fumes, unfitting armour, clever 1, fire resistance 1, low mp
1, poison resistance, robust 1, cold-blooded, MP-powered wands, AC +7
a: Breathe Noxious Fumes, Bend Time, Temporal Distortion, Slouch, Renounce
Religion


You were on level 7 of the Dungeon.
You worshipped Cheibriados.
Cheibriados was greatly pleased with you.
You were completely stuffed.

You visited 1 branch of the dungeon, and saw 7 of its levels.

You collected 253 gold pieces.

Inventory:

Hand Weapons
 i - a +0 blowgun
 p - a +2 mace of holy wrath (weapon)
 H - a +0 flail
 L - a +0 morningstar
 O - a +0 whip of flaming
Missiles
 d - 283 stones (quivered)
 k - 2 throwing nets
 s - 42 poisoned needles
Armour
 c - a +1 buckler (worn)
 C - a +0 cloak (worn)
 F - a +2 pair of gloves (worn)
Magical Staves
 M - an uncursed staff of earth
Jewellery
 l - an uncursed amulet of regeneration
 r - an uncursed ring of fire
 v - a ring of protection from cold (right hand)
 B - a ring of protection from magic (left hand)
 J - a cursed amulet of inaccuracy (around neck)
Wands
 f - a wand of magic darts (13)
Scrolls
 j - 3 scrolls of amnesia
 q - a scroll of enchant weapon
 w - a scroll of remove curse
 y - 2 scrolls of immolation
 E - 2 scrolls of magic mapping
Potions
 g - a potion of flight
 h - 4 potions of lignification
 m - a potion of cancellation
 n - a potion of poison {unknown}
 o - 6 potions of curing
 z - a potion of invisibility
 D - a potion of agility
 G - a potion of cure mutation {unknown}
 I - a potion of ambrosia {unknown}
Books
 a - a book of Geomancy

   Spells                             Type                      Level
   a - Sandblast                      Earth                        1
   b - Stoneskin                      Transmutation/Earth          2
   c - Passwall                       Transmutation/Earth          3
   d - Stone Arrow                    Conjuration/Earth            3
   e - Petrify                        Transmutation/Earth          4
   f - Lee's Rapid Deconstruction     Earth                        5
 b - the Catalogue of the Escort

   Spells                             Type                      Level
   a - Summon Butterflies             Summoning                    1
   b - Call Canine Familiar           Summoning                    3
 x - a book of Enchantments

   Spells                             Type                      Level
   a - Cause Fear                     Hexes                        4
   b - Silence                        Hexes/Air                    5
   c - Deflect Missiles               Charms/Air                   6
   d - Haste                          Charms                       6
   e - Discord                        Hexes                        8
 N - a book of Cantrips

   Spells                             Type                      Level
   a - Corona                         Hexes                        1
   b - Animate Skeleton               Necromancy                   1
   c - Summon Small Mammal            Summoning                    1
   d - Apportation                    Translocation                1
Comestibles
 e - 5 bread rations
 u - a fruit
 P - a meat ration


   Skills:
 - Level 2.4 Fighting
 * Level 12.0 Maces & Flails
   Level 1.0(0.9) Polearms
 - Level 2.1 Dodging
 - Level 6.3(6.2) Shields
 - Level 1.0(0.9) Spellcasting
   Level 4.0(3.9) Transmutations
 + Level 1.0(0.9) Evocations


You had 4 spell levels left.
You knew the following spells:

 Your Spells              Type           Power        Failure   Level  Hunger
a - Deflect Missiles      Chrm/Air       #.........   100%        6    #######


Dungeon Overview and Level Annotations

Branches:
Dungeon (7/15)             Temple (0/1) D:6

Altars:
Cheibriados
Elyvilon
Fedhas
Gozag
Makhleb
Nemelex Xobeh
Okawaru
Qazlal
Ru
The Shining One


Innate Abilities, Weirdness & Mutations

You can breathe blasts of noxious fumes.
Your lurid green scales are hard (AC +7).
Your body does not fit into most forms of armour.
Your system is resistant to poisons.
You are cold-blooded and may be slowed by cold attacks.
Your mind is acute. (Int +2)
Your flesh is heat resistant.
Your magical capacity is low (-10% MP).
You are robust (+10% HP).
You expend magic power (3 MP) to strengthen your wands.


Message History

The bolt of electricity hits the electric eel.
The electric eel completely resists.
There is a stone staircase leading up here.
Use which ability?
You fail to use your ability.
The electric eel shoots out a bolt of lightning at you!
The bolt of electricity hits you!
The electric eel shoots out a bolt of lightning at you!
The bolt of electricity hits you! x2
The bolt of electricity hits the electric eel.
The electric eel completely resists.
Use which ability?
You fail to use your ability.
The electric eel shoots out a bolt of lightning at you!
The bolt of electricity hits you!
* * * LOW HITPOINT WARNING * * *
The bolt of electricity hits you!
* * * LOW HITPOINT WARNING * * *
The bolt of electricity misses the electric eel.
Are you sure you want to abandon this character and quit the game? (Confirm with "yes".)

##### ## #.# ..... ..## #. #.# .#
#...#####. #.# .# #≈≈≈ ≈≈#.
######.# .# #≈≈≈ ≈≈. ####...##.#
.# ≈≈# #≈≈##.........# ###≈≈#
+≈≈#......###.#
#..≈≈###≈≈###≈≈#;.._..# #.#
..#≈≈≈≈≈≈≈≈≈≈≈≈;@.....# #.#
..#≈≈≈≈≈≈≈≈≈≈≈≈##.....# #.# #####
..#≈≈#+#≈≈###≈≈ ##.#### #.# #....
#.#≈≈# ≈+ #≈≈ ...######.###.###
#.#≈;###≈≈###≈≈.##...............
....≈≈≈≈≈≈≈≈≈≈. #######.####...#
#.##.≈≈≈≈≈≈≈≈## #.#.......
#.########..# #.#.≈≈≈†≈. #.#
#.#.≈≈≈≈≈.


You could see 2 electric eels.

Vanquished Creatures
  Pikel (D:7)
  The ghost of wvc the Basher, a novice DrWn (D:7)
  The ghost of M4edhros the Charlatan, a novice OpAr (D:6)
  The ghost of brucemayne the Chopper, an amateur DsGl (D:5)
  An ogre (D:7)
  3 phantoms
  A sky beast (D:6)
  2 slaves (D:7)
  2 centaurs (D:6)
  2 giant frogs
  7 wights
  4 scorpions
  6 killer bees (D:5)
  3 crimson imps
  2 electric eels (D:7)
  2 giant frog zombies (D:7)
  A jelly (D:5)
  Crazy Yiuf (D:4)
  A centaur skeleton (D:4)
  2 giant frog skeletons
  A centaur zombie (D:7)
  A quasit (D:6)
  4 hounds
  An iguana (D:5)
  3 orc wizards (D:6)
  2 worker ants (D:4)
  A hound skeleton (D:4)
  9 adders
  3 oozes
  4 worms
  4 giant geckos
  13 orcs
  A ball python (D:2)
  4 giant cockroaches
  4 hobgoblins
  13 jackals
  2 quokkas
  9 bats
  5 giant newts
  7 goblins
  7 kobolds
  A quokka zombie (D:6)
  9 rats
152 creatures vanquished.

Vanquished Creatures (others)
  A slave (D:7)
  2 worker ants (D:7)
  A hound skeleton (D:7)
  An adder (D:7)
5 creatures vanquished.

Grand Total: 157 creatures vanquished

Notes
Turn   | Place    | Note
--------------------------------------------------------------
     0 | D:1      | wvc the Draconian Wanderer began the quest for the Orb.
     0 | D:1      | wvc set off with: a book of Geomancy, the Catalogue of the Escort, a +0 buckler, a +0 club, a bread ration
     0 | D:1      | Reached XP level 1. HP: 16/16 MP: 2/2
     0 | D:1      | Identified the Catalogue of the Escort
   375 | D:1      | Reached XP level 2. HP: 17/23 MP: 3/3
   972 | D:2      | Reached XP level 3. HP: 29/29 MP: 4/4
   990 | D:2      | Reached skill level 1 in Maces & Flails
  1770 | D:3      | Found a snail-covered altar of Cheibriados.
  1785 | D:3      | Reached XP level 4. HP: 26/36 MP: 5/5
  1790 | D:3      | Found a sparkling altar of Nemelex Xobeh.
  1791 | D:3      | Found an opulent altar of Gozag.
  1796 | D:3      | Became a worshipper of Cheibriados the Contemplative
  2024 | D:3      | Found an iron altar of Okawaru.
  2202 | D:3      | Found a blossoming altar of Fedhas.
  2255 | D:3      | Reached * piety under Cheibriados
  2435 | D:4      | Reached XP level 5. HP: 39/42 MP: 6/6
  2570 | D:4      | Noticed a phantom
  2584 | D:4      | Killed a phantom
  2584 | D:4      | Reached XP level 6. HP: 41/50 MP: 7/7
  2630 | D:4      | Found a stormy altar of Qazlal.
  2872 | D:4      | Noticed a phantom
  2886 | D:4      | Killed a phantom
  2899 | D:4      | Learned a level 6 spell: Deflect Missiles
  3063 | D:4      | Reached skill level 5 in Maces & Flails
  3104 | D:4      | Found a glowing golden altar of the Shining One.
  3104 | D:4      | Found a burning altar of Makhleb.
  3171 | D:4      | Noticed Crazy Yiuf
  3180 | D:4      | Killed Crazy Yiuf
  3271 | D:5      | Entered Level 5 of the Dungeon
  3378 | D:5      | Your scales start taking on a lurid green colour.
  3378 | D:5      | Gained mutation: Your system is resistant to poisons. [Green Draconian growth]
  3378 | D:5      | Reached XP level 7. HP: 53/56 MP: 8/8
  3468 | D:5      | Reached ** piety under Cheibriados
  3535 | D:5      | Reached skill level 6 in Maces & Flails
  3631 | D:5      | Gained mutation: Your flesh is heat resistant. [potion of beneficial mutation]
  3632 | D:5      | Noticed brucemayne's ghost (amateur DsGl)
  3650 | D:5      | Killed brucemayne's ghost
  3650 | D:5      | Reached skill level 7 in Maces & Flails
  3791 | D:5      | Reached XP level 8. HP: 62/62 MP: 9/9
  4315 | D:6      | Reached skill level 8 in Maces & Flails
  4410 | D:6      | Noticed M4edhros's ghost (novice OpAr)
  4418 | D:6      | Killed M4edhros's ghost
  4418 | D:6      | Reached skill level 9 in Maces & Flails
  4483 | D:6      | Found a glowing golden altar of the Shining One.
  4526 | D:6      | Reached skill level 5 in Shields
  4536 | D:6      | Reached *** piety under Cheibriados
  4602 | D:6      | Found a staircase to the Ecumenical Temple.
  4753 | D:6      | Got a pair of bloodstained gloves
  4764 | D:6      | Identified the -2 pair of gloves of the Eternal Fruit {Str+2} (You found it on level 6 of the Dungeon)
  5062 | D:6      | Reached XP level 9. HP: 57/68 MP: 10/10
  5178 | D:6      | Reached skill level 10 in Maces & Flails
  5196 | D:7      | Reached **** piety under Cheibriados
  5328 | D:7      | Noticed Pikel
  5356 | D:7      | Killed Pikel
  5581 | D:7      | Found a white marble altar of Elyvilon.
  5829 | D:7      | Noticed wvc's ghost (novice DrWn)
  5848 | D:7      | Killed wvc's ghost
  5848 | D:7      | Reached skill level 11 in Maces & Flails
  6184 | D:7      | Found a sacrificial altar of Ru.
  6259 | D:7      | Found an iron altar of Okawaru.
  6295 | D:7      | Reached skill level 12 in Maces & Flails
  6321 | D:6      | Gained mutation: You are agile. (Dex +2) [mutagenic meat]
  6322 | D:6      | Gained mutation: You are robust (+10% HP). [mutagenic meat]
  6323 | D:6      | Gained mutation: Your magical capacity is low (-10% MP). [mutagenic meat]
  6324 | D:6      | Gained mutation: Your mind is acute. (Int +2) [mutagenic meat]
  6325 | D:6      | Gained mutation: You expend magic power (3 MP) to strengthen your wands. [mutagenic meat]
  6326 | D:6      | Lost mutation: You are agile. (Dex +2) [mutagenic meat]
  6825 | D:7      | Quit the game

Vault maps used:
D:1:      dpeg_arrival_pits
D:2:      serial_bayou_ford_a
D:3:      fedhas_altar_2, okawaru_ov_weapons_minmay, grunt_temple_overflow_open,
          minmay_misc_feat_x
D:4:      gammafunk_temple_overflow_wave, nicolae_qazlal_general_emergency,
          first_bread, minivault_27, uniq_crazy_yiuf_cottage
D:5:      corexii_shack, grunt_ministairs_12
D:6:      minmay_temple_entry_crystal_x, tso_altar
D:7:      kennysheep_mini_moat, elyvilon_altar_5, basic_altar, grunt_ogre_cave,
          minivault_14, water_boxes_lemuel, uniq_pikel

Action                   |  1- 3 |  4- 6 |  7- 9 || total
-------------------------+-------+-------+-------++-------
Melee: Whip              |   106 |       |       ||   106
       Club              |     7 |       |       ||     7
       Mace              |    62 |   126 |   377 ||   565
 Abil: Breathe Noxious F |       |       |     6 ||     6
  Use: Scroll            |       |    13 |     7 ||    20
       Potion            |       |       |     5 ||     5
 Stab: Sleeping          |     1 |     3 |       ||     4
       Distracted        |     1 |       |     2 ||     3
       Confused          |       |       |     1 ||     1
  Eat: Chunk             |     3 |     2 |     9 ||    14
       Bread ration      |       |     1 |       ||     1
       Fruit             |       |       |     7 ||     7
       Pizza             |       |       |     2 ||     2
       Royal jelly       |       |       |     1 ||     1
